 Dungeon Crawl Stone Soup version 0.26-a0-812-g31a745ddcd (webtiles) character file.

Game seed: 9522954813153348654

19283 graki42 the Thaumaturge (level 12, -35/68 HPs)
             Began as a Deep Elf Conjurer on Nov 23, 2020.
             Was a High Priest of Kikubaaqudgha.
             Annihilated by a red ugly thing (39 damage)
             ... while paralysed by a great orb of eyes
             ... in a Gauntlet.
             The game lasted 00:54:40 (17296 turns).

graki42 the Thaumaturge (Deep Elf Conjurer)        Turns: 17296, Time: 00:54:43

Health: -35/68     AC:  6    Str:  9    XL:     12   Next: 35%
Magic:  25/39      EV:  2    Int: 26    God:    Kikubaaqudgha [*****.]
Gold:   651        SH:  0    Dex: 14    Spells: 16/36 levels left

rFire    x . .     SeeInvis +   p - staff of cold
rCold    + . .     Faith    .   (no shield)
rNeg     . . .     Spirit   .   H - +0 robe of the Harvest Moon {Harm rElec rF- SInv}
rPois    +         Reflect  .   t - +0 helmet
rElec    +         Harm     +   P - +1 cloak
rCorr    .         Rampage  .   (no gloves)
MR       +....     NoTele   +   (no boots)
Stlth    ++........             X - amulet of magic regeneration
HPRegen  0.21/turn              z - ring of the Octopus King {MP+9 AC+1 EV+1 Str+1 Int+1 Dex+1}
MPRegen  0.51/turn              D - ring of poison resistance

@: paralysed
A: no striking features
a: Receive Corpses, Torment, Renounce Religion


You were in a Gauntlet.
You worshipped Kikubaaqudgha.
Kikubaaqudgha was extremely pleased with you.
You visited 3 branches of the dungeon, and saw 14 of its levels.
You also visited: Gauntlet.

You collected 651 gold pieces.

Inventory:

Armour
 b - a +0 leather armour of fire resistance
 t - a +0 helmet (worn)
 w - a +0 ring mail of magic resistance
 y - a +2 leather armour of cold resistance
 C - a +1 robe of positive energy
 E - a +0 buckler
 H - the +0 robe of the Harvest Moon (worn) {Harm rElec rF- SInv}
   (You found it on level 6 of the Dungeon)

   It makes you vulnerable to fire.
   It insulates you from electricity.
   It lets you see invisible.
   It increases damage dealt and taken.
 P - a +1 cloak (worn)
Magical Staves
 p - an uncursed staff of cold (weapon)
Jewellery
 k - a +4 ring of protection
 o - an uncursed ring of fire
 v - an uncursed ring of protection from cold
 z - a ring of the Octopus King (left hand) {MP+9 AC+1 EV+1 Str+1 Int+1 Dex+1}
   (You found it in a Gauntlet)

   [ring of magical power]

   It affects your AC (+1).
   It affects your evasion (+1).
   It affects your strength (+1).
   It affects your intelligence (+1).
   It affects your dexterity (+1).
   It affects your magic capacity (+9).
 A - a +6 ring of strength
 D - a ring of poison resistance (right hand)
 Q - a +6 ring of intelligence
 W - an uncursed ring of protection from magic
 X - an amulet of magic regeneration (around neck)
Wands
 i - a wand of iceblast (21)
 s - a wand of polymorph (12)
 u - a wand of random effects (20)
 O - a wand of paralysis (6)
 S - a wand of flame (7)
Scrolls
 c - a scroll of remove curse
 d - 4 scrolls of blinking
 g - 6 scrolls of amnesia {unknown}
 m - a scroll of magic mapping
 q - 6 scrolls of teleportation
 r - 3 scrolls of fear
 B - 4 scrolls of enchant armour
 I - a scroll of brand weapon
 L - 2 scrolls of immolation
 M - 4 scrolls of enchant weapon {unknown}
 R - 2 scrolls of summoning
Potions
 a - a potion of invisibility
 e - 5 potions of flight {unknown}
 f - 2 potions of heal wounds
 h - 6 potions of mutation {unknown}
 j - a potion of magic {unknown}
 l - a potion of experience {unknown}
 n - 5 potions of haste {unknown}
 x - 5 potions of might {unknown}
 F - 2 potions of cancellation {unknown}
 G - a potion of lignification {unknown}
 J - a potion of curing
 K - 2 potions of degeneration {unknown}
 N - a potion of brilliance {unknown}
 T - a potion of berserk rage {unknown}
 V - 3 potions of resistance {unknown}


   Skills:
 + Level 5.0 Fighting
 - Level 3.0 Dodging
 - Level 3.0 Stealth
 + Level 12.9 Spellcasting
 + Level 12.0 Conjurations
 - Level 9.0 Hexes
 + Level 10.4 Necromancy
 - Level 8.0 Translocations


You had 16 spell levels left.
You knew the following spells:

 Your Spells              Type           Power        Failure   Level
a - Magic Dart            Conj           ####         1%          1
b - Searing Ray           Conj           ######       1%          2
c - Fulminant Prism       Conj/Hex       ######....   1%          4
d - Iskenderun's Mystic   Conj/Tloc      ######..     1%          4
e - Sublimation of Blood  Necr           ######....   1%          2
f - Vampiric Draining     Necr           ######....   1%          3
g - Dispel Undead         Necr           ######..     1%          4

Your spell library contained the following spells:

 Spells                   Type           Power        Failure   Level
 Animate Skeleton         Necr           ######       1%          1
 Apportation              Tloc           ######       1%          1
 Corona                   Hex            ######.      1%          1
 Pain                     Necr           ####         1%          1
 Ensorcelled Hibernation  Hex/Ice        ######       1%          2
 Confusing Touch          Hex            ######..     1%          3
 Dazzling Flash           Conj/Hex       ######       1%          3
 Lesser Beckoning         Tloc           ######....   1%          3
 Tukima's Dance           Hex            ######..     1%          3
 Animate Dead             Necr           ######....   1%          4
 Excruciating Wounds      Necr           ######....   1%          5
 Death Channel            Necr           ######....   7%          6
 Borgnjor's Vile Clutch   Necr/Erth      #####.....   11%         5
 Invisibility             Hex            ######..     13%         6
 Simulacrum               Ice/Necr       ######....   52%         6
 Alistair's Intoxication  Tmut/Pois      ###......    67%         5


Dungeon Overview and Level Annotations

Branches:
Dungeon (12/15)            Temple (1/1) D:5            Lair (1/6) D:11
    Orc (0/2) D:10        Gauntlet (1/1)

Altars:
Ashenzari
Cheibriados
Dithmenos
Elyvilon
Fedhas
Gozag
Hepliaklqana
Kikubaaqudgha
Makhleb
Nemelex Xobeh
Okawaru
Qazlal
Ru
Sif Muna
Trog
Uskayaw
Vehumet
Wu Jian
Xom
Yredelemnul
Zin
The Shining One

Shops:
D:7 :   D:8 *   D:11 (

Annotations:
Gauntlet 9 transporters, exclusions: lightning spire and orange crystal statue


Message History

Casting: Iskenderun's Mystic Blast (dangerous; 1% risk of failure)
Confirm with . or Enter, or press ? or * to list all spells.
Aiming: Vampiric Draining (safe; 1% risk of failure)
Press: ? - help, Shift-Dir - straight line, f - great orb of eyes
Aim: a great orb of eyes (moderately wounded)
The great orb of eyes is heavily wounded.
You feel life coursing into your body. The great orb of eyes gazes at you.
You suddenly lose the ability to move!
The orange crystal statue glitters topaz in the dim dungeon light.
The great orb of eyes barely misses you.
The red ugly thing gores you!
You are engulfed in flames!!
The fire burns you terribly! The great orb of eyes gazes at you.
You are blasted!
The red ugly thing gores you!
* * * LOW HITPOINT WARNING * * *
You are engulfed in flames!!
The fire burns you terribly!
Ouch! That really hurt!
You die...
Kikubaaqudgha rasps: "You have failed me!
Welcome... death!"

### ### ### ### ##
##≈###≈###≈###≈###≈##
####≈≈≈#≈≈≈#≈≈≈#≈≈≈#≈≈≈#
#≈≈..................≈#
#≈..P....#########...##
####..P.P.♣.#.......#.♣.≈##
#≈≈...P.....#.###.#!#.P.≈≈#
#≈..♣.♣.♣.###..#....#...≈##
#.........#©##.#@#.©#.P.##
..#########.##.uG#.[#.♣.≈##
..#..8#8..#.###.###}#.P.≈≈#
..#...8...#.#.......#...≈##
###8†8.8..#.#########.P.##
#©##8.©.8©#©#.........♣.≈##
#.#8.8.8..#.#########...≈≈# # #
#.#...8...#.#8......#...≈##...#
#.#..8#8..#.#..##.!=#...## .♣.#


You could see an orange crystal statue, a great orb of eyes and a red ugly
thing.

Vanquished Creatures
  Snorg (D:10)
  A hydra (D:11)
  A boulder beetle (D:11)
  3 two-headed ogres (D:11)
  The ghost of Danir the Basher, a novice DsFi of Okawaru (D:9)
  3 ugly things
  A cyclops (D:8)
  Maurice (D:8)
  Maggie (D:9)
  A freezing wraith (D:11)
  A komodo dragon (D:8)
  Grinder (D:6)
  A queen bee (Gauntlet)
  A troll (D:9)
  2 hornets (D:11)
  A wraith (D:10)
  A wyvern (D:11)
  Eustachio (D:4)
  21 yaks
  A basilisk (D:11)
  Grum (D:10)
  2 swamp worms (Gauntlet)
  A water moccasin (D:8)
  4 ice beasts
  3 sky beasts
  6 phantoms
  2 eyes of draining (D:9)
  2 orc warriors
  3 black bears
  2 wolves (D:9)
  6 ogres
  6 centaurs
  A big kobold (D:8)
  4 bullfrogs
  A water moccasin zombie (D:7)
  3 scorpions
  9 wights
  15 killer bees
  13 howler monkeys
  6 electric eels (D:10)
  A bullfrog zombie (D:5)
  6 hounds
  4 jellies
  Crazy Yiuf (D:2)
  5 orc priests
  4 bullfrog skeletons
  An iron imp (D:6)
  5 orc wizards
  A gnoll shaman (D:8)
  Natasha (thrice) (D:3)
  Terence (D:2)
  3 iguanas
  Ijyb (D:3)
  5 worker ants
  2 hound zombies
  2 howler monkey zombies
  Robin (D:3)
  8 gnolls
  10 adders
  A shadow imp (D:7)
  4 white imps
  2 ufetubi (D:6)
  An ooze (D:2)
  2 adder skeletons
  2 adder zombies
  5 worms
  A dart slug (D:4)
  5 leopard geckos
  44 orcs
  9 giant cockroaches
  15 hobgoblins
  32 jackals
  A quokka (D:10)
  2 ball pythons
  8 bats
  5 frilled lizards
  14 goblins
  9 kobolds
  A leopard gecko skeleton (D:5)
  7 rats
369 creatures vanquished.

Vanquished Creatures (others)
  60 fulminant prisms
  3 fungi (D:11)
  36 plants
99 creatures vanquished.

Grand Total: 468 creatures vanquished

Notes
Turn   | Place    | Note
-------+----------+-------------------------------------------
     0 | D:1      | graki42 the Deep Elf Conjurer began the quest for the Orb.
     0 | D:1      | Reached XP level 1. HP: 10/10 MP: 6/6
   380 | D:1      | Reached XP level 2. HP: 15/15 MP: 4/8
   384 | D:1      | Learned a level 2 spell: Searing Ray
   544 | D:1      | Reached skill level 5 in Conjurations
   652 | D:1      | You fall into a shaft and drop 1 floor!
  1136 | D:2      | Reached XP level 3. HP: 19/19 MP: 6/9
  1451 | D:2      | Noticed Terence
  1455 | D:2      | Killed Terence
  1455 | D:2      | Reached XP level 4. HP: 24/24 MP: 4/11
  1461 | D:2      | Learned a level 4 spell: Fulminant Prism
  2115 | D:2      | Found a runed translucent door.
  2116 | D:2      | Noticed Crazy Yiuf
  2123 | D:2      | Killed Crazy Yiuf
  2123 | D:2      | Reached XP level 5. HP: 27/28 MP: 7/13
  2408 | D:2      | Learned a level 4 spell: Iskenderun's Mystic Blast
  2425 | D:3      | Noticed a centaur
  2803 | D:3      | Noticed Robin
  2805 | D:3      | Killed Robin
  2807 | D:3      | Reached skill level 1 in Hexes
  2810 | D:3      | Reached skill level 1 in Translocations
  3179 | D:3      | Noticed Ijyb
  3184 | D:3      | Killed Ijyb
  3333 | D:3      | Killed a centaur
  3333 | D:3      | Reached XP level 6. HP: 22/32 MP: 8/15
  3450 | D:3      | Found a glowing silver altar of Zin.
  3465 | D:3      | Noticed Natasha
  3469 | D:3      | Killed Natasha
  3534 | D:3      | Noticed Natasha
  3540 | D:3      | Killed Natasha
  3540 | D:3      | Reached skill level 5 in Spellcasting
  3762 | D:3      | Found a glowing silver altar of Zin.
  3792 | D:3      | Noticed Natasha
  3799 | D:3      | Killed Natasha
  4257 | D:4      | Noticed Eustachio
  4266 | D:4      | Killed Eustachio
  4266 | D:4      | Reached XP level 7. HP: 36/36 MP: 8/17
  4333 | D:4      | Got a tattered robe
  4344 | D:4      | Identified the cursed +0 robe of the Distant Future {Int+2}
                  | (You found it on level 4 of the Dungeon)
  5445 | D:5      | Entered Level 5 of the Dungeon
  5524 | D:5      | Found a staircase to the Ecumenical Temple.
  5536 | Temple   | Entered the Ecumenical Temple
  5729 | Temple   | Became a worshipper of Kikubaaqudgha
  5845 | D:5      | Reached XP level 8. HP: 41/41 MP: 14/19
  5944 | D:5      | Found a glowing golden altar of the Shining One.
  6067 | D:5      | Reached skill level 5 in Hexes
  6227 | D:5      | Reached skill level 1 in Necromancy
  6885 | D:6      | Found a snail-covered altar of Cheibriados.
  7004 | D:6      | Found a blossoming altar of Fedhas.
  7180 | D:6      | Got an ominously black robe
  7198 | D:6      | Identified the cursed +0 robe of the Harvest Moon {Harm
                  | rElec rF- SInv} (You found it on level 6 of the Dungeon)
  7208 | D:6      | Reached skill level 5 in Translocations
  7392 | D:6      | Reached * piety under Kikubaaqudgha
  7392 | D:6      | Identified Kikubaaqudgha's Compendium of Sinister Arts
                  | (Kikubaaqudgha gifted it to you on level 6 of the Dungeon)
  7392 | D:6      | Received a gift from Kikubaaqudgha
  7399 | D:6      | Learned a level 2 spell: Sublimation of Blood
  7403 | D:6      | Learned a level 3 spell: Vampiric Draining
  7428 | D:6      | Noticed Grinder
  7434 | D:6      | Killed Grinder
  7434 | D:6      | Reached XP level 9. HP: 35/45 MP: 9/22
  8717 | D:7      | Found Filun's Book Emporium.
  8723 | D:7      | Reached ** piety under Kikubaaqudgha
  9256 | D:8      | Reached skill level 5 in Necromancy
  9522 | D:8      | Found Ewobb's General Store.
  9530 | D:8      | Noticed a komodo dragon
  9532 | D:8      | Noticed a manticore
  9537 | D:8      | Noticed a cyclops
  9550 | D:8      | Killed a cyclops
  9555 | D:8      | Noticed a two-headed ogre
  9860 | D:8      | Reached XP level 10. HP: 50/50 MP: 16/25
 10146 | D:8      | Noticed Maurice
 10160 | D:8      | Paralysed by Maurice for 2 turns
 10163 | D:8      | Killed Maurice
 10961 | D:9      | Found a shimmering blue altar of Sif Muna.
 11066 | D:9      | Reached *** piety under Kikubaaqudgha
 11066 | D:9      | Identified Kikubaaqudgha's Incunabulum of Evil Rites
                  | (Kikubaaqudgha gifted it to you on level 9 of the Dungeon)
 11066 | D:9      | Received a gift from Kikubaaqudgha
 11184 | D:9      | Learned a level 4 spell: Dispel Undead
 11487 | D:9      | Reached skill level 10 in Spellcasting
 11565 | D:9      | Reached skill level 10 in Conjurations
 11715 | D:9      | Found a runed translucent door.
 11715 | D:9      | Noticed a white ugly thing
 11716 | D:9      | Noticed Danir's ghost (novice DsFi)
 11979 | D:9      | Noticed Maggie
 11984 | D:9      | Killed Maggie
 12233 | D:10     | Entered Level 10 of the Dungeon
 12234 | D:10     | Noticed Grum
 12413 | D:10     | Noticed Snorg
 12488 | D:9      | HP: 1/51 [wolf[Grum] (7)]
 12489 | D:9      | Reached skill level 1 in Fighting
 12990 | D:10     | Reached XP level 11. HP: 46/56 MP: 20/27
 13042 | D:10     | Killed Grum
 13166 | D:10     | Reached **** piety under Kikubaaqudgha
 13410 | D:10     | Killed Snorg
 13716 | D:10     | Found a staircase to the Orcish Mines.
 14562 | D:11     | Noticed a red ugly thing
 14562 | D:11     | Killed a two-headed ogre
 14566 | D:11     | Killed a red ugly thing
 14681 | D:11     | Noticed a five-headed hydra
 14686 | D:11     | Killed a five-headed hydra
 14773 | D:11     | Noticed a two-headed ogre
 14779 | D:11     | Killed a two-headed ogre
 14779 | D:11     | Reached ***** piety under Kikubaaqudgha
 14939 | D:9      | Killed Danir's ghost
 14944 | D:9      | Killed a white ugly thing
 15237 | D:11     | Noticed a boulder beetle
 15564 | D:11     | Found Diosehau's Weapon Shoppe.
 15656 | D:11     | Reached XP level 12. HP: 66/66 MP: 19/30
 15701 | D:11     | Noticed a two-headed ogre
 15713 | D:11     | Killed a two-headed ogre
 15713 | D:11     | Reached skill level 10 in Necromancy
 15854 | D:11     | Found a staircase to the Lair.
 15869 | D:11     | Killed a boulder beetle
 16671 | Lair:1   | Entered Level 1 of the Lair of Beasts
 16717 | Lair:1   | Found a gate leading to a gauntlet.
 16724 | Gauntlet | Entered a Gauntlet
 16724 | Gauntlet | Found a transporter.
 16731 | Gauntlet | Found a transporter.
 16733 | Gauntlet | Found a transporter.
 16742 | Gauntlet | Found a transporter.
 16744 | Gauntlet | Found a transporter.
 16749 | Gauntlet | Noticed a great orb of eyes
 16753 | Gauntlet | Found a transporter.
 16770 | Gauntlet | Found a transporter.
 16777 | Gauntlet | Found a transporter.
 16788 | Gauntlet | Noticed a death scarab
 16790 | Gauntlet | Found a transporter.
 16790 | Gauntlet | Noticed a death scarab
 16804 | Gauntlet | Found a transporter.
 16818 | Gauntlet | Found a transporter.
 16827 | Gauntlet | Found the ring of the Octopus King
 16838 | Gauntlet | Found a transporter.
 16874 | Gauntlet | Found a transporter.
 16885 | Gauntlet | Found a transporter.
 16911 | Gauntlet | Reached skill level 5 in Fighting
 17256 | Gauntlet | Got a ring of the Octopus King
 17258 | Gauntlet | Identified a ring of the Octopus King {MP+9 AC+1 EV+1 Str+1
                  | Int+1 Dex+1} (You found it in a Gauntlet)
 17294 | Gauntlet | Paralysed by a great orb of eyes for 3 turns
 17296 | Gauntlet | Annihilated by a red ugly thing

Illustrated notes

Levels and vault maps discovered:
D:1:      lemuel_arrival_rhombus, layout_basic
D:2:      layout_loops_ring, uniq_terence, uniq_crazy_yiuf_cottage
D:3:      layout_rooms, lemuel_doored_altar, uniq_ijyb, uniq_natasha, uniq_robin
D:4:      layout_layer_cave, minivault_23, uniq_eustachio
D:5:      layout_loops_ring, minmay_temple_entry_sparse_star, basic_altar
D:6:      layout_layer_cave, kennysheep_mini, slow_altar_1, uniq_grinder
D:7:      layout_rooms, serial_shops, shop
D:8:      layout_loops_cross, serial_shops, kennysheep_mini_moat,
          grunt_decor_resistance, minmay_diamond_spiral, uniq_maurice
D:9:      layout_irregular_city, old_standard_altar, ebering_ghost_inner_flame,
          uniq_maggie
D:10:     layout_basic, david_orc_3, serial_bayou_lagoon_b, uniq_grum,
          uniq_snorg
D:11:     layout_big_octagon, david_lair_generic, serial_shops,
          kennysheep_little_box, chequers_serial_rivers_micro_b,
          minmay_misc_feat_x, lemuel_statue_altar
D:12:     layout_loops_ring, enter_trove_6, st_stairs_5, uniq_josephine
Temple:   eino_narrow_crystal_temple
Lair:1:   layout_small_grid, gauntlet_entry_generic,
          chequers_serial_rivers_room_b, uniq_fannar, uniq_joseph
Gauntlet: minmay_gauntlet_77_tree [minmay_gauntlet_arena_77_fan,
          minmay_gauntlet_arena_77_mess,
          minmay_gauntlet_arena_77_terracotta_army,
          minmay_gauntlet_arena_77_mirror,
          minmay_gauntlet_arena_77_radiant_squares,
          minmay_gauntlet_arena_77_two_lines,
          minmay_gauntlet_arena_77_broken_ladder, gauntlet_exit_spiral]

Skill      XL: |  1  2  3  4  5  6  7  8  9 10 11 12 |
---------------+-------------------------------------+-----
Conjurations   | 5 6 7 8 9 10 11 12 | 12.0
Dodging        | 3 |  3.0
Stealth        | 3 |  3.0
Spellcasting   | 4 5 6 7 9 10 12 | 12.9
Hexes          | 2 3 4 6 8 9 |  9.0
Translocations | 1 2 3 5 6 8 |  8.0
Necromancy     | 3 5 7 9 10 | 10.4
Fighting       | 1 4 5 |  5.0

Action                   |  1- 3 |  4- 6 |  7- 9 | 10-12 || total
-------------------------+-------+-------+-------+-------++-------
Melee: Quarterstaff      |       |       |     1 |     1 ||     2
 Cast: Magic Dart        |    38 |    63 |   100 |    48 ||   249
       Searing Ray       |    10 |    32 |    73 |    87 ||   202
       Fulminant Prism   |       |       |     8 |    52 ||    60
       Iskenderun's Myst |       |       |     1 |    48 ||    49
       Sublimation of Bl |       |       |     1 |     1 ||     2
       Vampiric Draining |       |       |       |    10 ||    10
       Dispel Undead     |       |       |       |     2 ||     2
  Use: Scroll            |       |       |     8 |     8 ||    16
Armor: Robe              |     2 |     4 |     2 |    24 ||    32
Dodge: Dodged            |     1 |     9 |    17 |    59 ||    86

Table legend: (Time is in decaauts)
 A = Elapsed time spent in this place.
 B = Non-inter-level travel time spent in this place.
 C = Inter-level travel time spent in this place.
 D = Time resting spent in this place.
 E = Time spent auto-exploring this place.
 F = Levels seen in this place.
 G = Mean time per level.
                   A        B        C        D        E       F      G
               +--------+--------+--------+--------+--------+-----+--------+
         Total |  17340 |  16786 |    554 |   3640 |  11127 |  15 | 1156.0 |
       Dungeon |  16507 |  15969 |    538 |   3326 |  10784 |  12 | 1375.6 |
        Temple |    208 |    193 |     15 |      0 |    172 |   1 |  208.0 |
          Lair |     52 |     52 |      0 |      0 |      0 |   1 |   52.0 |
      Gauntlet |    570 |    570 |      0 |    314 |    171 |   1 |  570.0 |
               +--------+--------+--------+--------+--------+-----+--------+

Top non-repeatable levels by time:
     D:9: 2441 daAuts
    D:10: 1830 daAuts
    D:11: 1680 daAuts
     D:2: 1581 daAuts
     D:8: 1531 daAuts
     D:3: 1530 daAuts
     D:6: 1488 daAuts
     D:4: 1289 daAuts
     D:5: 1097 daAuts
     D:1: 1042 daAuts
     D:7: 992 daAuts
Gauntlet: 570 daAuts
  Temple: 208 daAuts
  Lair:1: 52 daAuts
    D:12: 1 daAuts
